 Dungeon Crawl Stone Soup version 0.27-a0-1125-g131cd56 (webtiles) character file.

Game seed: 11767510711942349672

61 Meow the Stinger (level 4, 28/36 HPs)
             Began as a Naga Venom Mage on May 3, 2021.
             Quit the game on level 2 of the Dungeon.
             The game lasted 00:03:15 (1041 turns).

Meow the Stinger (Naga Venom Mage)                  Turns: 1041, Time: 00:03:16

Health: 28/36      AC:  6    Str: 10    XL:     4   Next: 7%
Magic:  3/8        EV: 10    Int: 16    God:
Gold:   30         SH:  0    Dex: 12    Spells: 4/8 levels left

rFire    . . .     SeeInvis +   a - +0 short sword
rCold    . . .     Faith    .   (no shield)
rNeg     . . .     Spirit   .   f - +0 robe
rPois    +         Reflect  .   (no helmet)
rElec    .         Harm     .   (no cloak)
rCorr    .         Rampage  .   (no gloves)
Will     .....                  (no barding)
Stlth    +++.......             (no amulet)
HPRegen  0.12/turn              i - +4 ring of protection
MPRegen  0.11/turn              (no ring)

@: short of breath, very slow
A: AC +1, large, see invisible, deformed body, poison resistance, slowness 2,
spit poison 1, naga tail 1
a: Spit Poison


You were on level 2 of the Dungeon.
You visited 1 branch of the dungeon, and saw 2 of its levels.

You collected 30 gold pieces.

Inventory:

Hand Weapons
 a - a +0 short sword (weapon)
Missiles
 b - 26 stones
 j - 7 poisoned darts (quivered)
 k - 11 sling bullets
Armour
 f - a +0 robe (worn)
Jewellery
 i - a +4 ring of protection (left hand)
Scrolls
 c - a scroll of identify {unknown}
 d - a scroll of acquirement {unknown}
 g - a scroll of enchant weapon {unknown}
Potions
 e - a potion of cancellation {unknown}
 h - a potion of heal wounds {unknown}


   Skills:
 - Level 1.5 Dodging
 + Level 4.4 Stealth
 + Level 2.7 Spellcasting
 - Level 1.0 Transmutations
 + Level 4.9 Poison Magic


You had 4 spell levels left.
You knew the following spells:

 Your Spells              Type           Power      Damage    Failure   Level
a - Sting                 Tmut/Pois      44%        1d5       5%          1
c - Mephitic Cloud        Conj/Pois/Air  7%         N/A       28%         3

Your spell library contained the following spells:

 Spells                   Type           Power      Damage    Failure   Level
 Poisonous Vapours        Pois/Air       20%        N/A       11%         2
 Ignite Poison            Fire/Tmut/Pois 8%         N/A       26%         3
 Olgreb's Toxic Radiance  Pois           18%        N/A       26%         4


Dungeon Overview and Level Annotations

Branches:
Dungeon (2/15)

Altars:


Innate Abilities, Weirdness & Mutations

Your serpentine skin is tough. (AC +1)
You have supernaturally acute eyesight. (SInv)
Armour fits poorly on your strangely shaped body.
Your system is resistant to poisons. (rPois)
You cover ground very slowly.
You can spit poison.
You have a snake-like lower body.


Message History

Magic restored.
There is a large open door here.
There is a large open door here.
Natasha, Servant of Life and Death comes into view.
You start resting.
HP restored.
Press: ? - help, Shift-Dir - straight line, f - Natasha
Aim: Natasha (asleep)
The splash of poison hits Natasha.
Natasha is poisoned.
Natasha is moderately wounded.
Natasha hisses angrily.
Casting: Sting (safe; 6% risk of failure)
Confirm with . or Enter, or press ? or * to list all spells.
Aiming: Sting (safe; 6% risk of failure)
Press: ? - help, Shift-Dir - straight line, f/p - Natasha
Aim: Natasha (heavily wounded, poisoned, 64% to hit)
The sting hits Natasha but does no damage.
Natasha looks even sicker.
Natasha is heavily wounded.
Casting: Sting (safe; 6% risk of failure)
Confirm with . or Enter, or press ? or * to list all spells.
Aiming: Sting (safe; 6% risk of failure)
Press: ? - help, Shift-Dir - straight line, f/p - Natasha
Aim: Natasha (heavily wounded, very poisoned, 64% to hit)
The sting hits Natasha.
Natasha looks even sicker.
Natasha is heavily wounded.
Natasha casts a spell at you. The magic dart hits you.
Casting: Sting (safe; 6% risk of failure)
Confirm with . or Enter, or press ? or * to list all spells.
Aiming: Sting (safe; 6% risk of failure)
Press: ? - help, Shift-Dir - straight line, f/p - Natasha
Aim: Natasha (severely wounded, very poisoned, 64% to hit)
The sting hits Natasha.
Natasha looks as sick as possible!
Natasha is almost dead.
You kill Natasha!
Suddenly Natasha's spirit rises from her lifeless body.
You have reached level 4!
You feel agile.
Are you sure you want to abandon this character and quit the game? (Confirm with "yes".)

#..................
#............$.......
#....................
#........###.........
#........# #..?......
#........###.........
#..........+.........
#........###.........
##'##+#..###.@.†.....
###'##.#.........#####
#....#.#.........#
#....#...........#
#....#........#.###############
#....#........+................
#....#.#......#.###############
#....#....#####.###
###...............#


There were no monsters in sight!

Vanquished Creatures
  Natasha (D:2)
  An adder (D:2)
  A worm (D:2)
  2 dart slugs
  A ball python (D:1)
  2 giant cockroaches
  3 goblins (D:1)
  2 hobgoblins (D:1)
  A quokka (D:1)
  3 bats (D:1)
  2 kobolds
  3 rats (D:1)
22 creatures vanquished.

Notes
Turn   | Place    | Note
-------+----------+-------------------------------------------
     0 | D:1      | Meow the Naga Venom Mage began the quest for the Orb.
     0 | D:1      | Reached XP level 1. HP: 15/15 MP: 3/3
   245 | D:1      | Reached XP level 2. HP: 22/22 MP: 3/5
   607 | D:1      | Found a faded altar of an unknown god.
   840 | D:2      | Reached XP level 3. HP: 27/28 MP: 3/6
   844 | D:2      | Learned a level 3 spell: Mephitic Cloud
   986 | D:2      | Noticed Natasha
  1040 | D:2      | Killed Natasha
  1041 | D:2      | Reached XP level 4. HP: 28/36 MP: 3/8
  1041 | D:2      | Quit the game

Illustrated notes

Levels and vault maps discovered:
D:1:      enne_arrival_octagon_isle, layout_loops_ring,
          ebering_ecumenical_altar_ruins
D:2:      layout_basic, uniq_natasha, uniq_terence, uniq_sigmund

Skill      XL: |  1  2  3 |
---------------+----------+-----
Stealth        | 4 |  4.4
Dodging        | |  1.5
Spellcasting   | |  2.7
Transmutations | |  1.0
Poison Magic   | |  4.9

Action                   |  1- 3 |  4- 6 || total
-------------------------+-------+-------++-------
Melee: Short sword       |     1 |       ||     1
Throw: Stone             |     9 |       ||     9
 Cast: Sting             |    21 |       ||    21
 Abil: Spit Poison       |    25 |       ||    25
Armor: Robe              |     5 |       ||     5
Dodge: Dodged            |     8 |       ||     8

Table legend: (Time is in decaauts)
 A = Elapsed time spent in this place.
 B = Non-inter-level travel time spent in this place.
 C = Inter-level travel time spent in this place.
 D = Time resting spent in this place.
 E = Time spent auto-exploring this place.
 F = Levels seen in this place.
 G = Mean time per level.
                   A        B        C        D        E       F      G
               +--------+--------+--------+--------+--------+-----+--------+
         Total |   1388 |   1328 |     60 |     77 |   1063 |   2 |  694.0 |
       Dungeon |   1388 |   1328 |     60 |     77 |   1063 |   2 |  694.0 |
               +--------+--------+--------+--------+--------+-----+--------+

Top non-repeatable levels by time:
     D:1: 1042 daAuts
     D:2: 345 daAuts
